 Dungeon Crawl Stone Soup version 0.29.0-11-gd7f09526c8 (webtiles) character file.

Game seed: 9124561505099476054

28 Spectrina the Sneak (level 3, 0/22 HPs)
             Began as a Deep Elf Monk on Sept 5, 2022.
             Slain by a giant cockroach (2 damage)
             ... on level 3 of the Dungeon.
             The game lasted 00:02:56 (541 turns).

Spectrina the Sneak (Deep Elf Monk)                  Turns: 541, Time: 00:02:56

Health: 0/22       AC:  2    Str:  8    XL:     3   Next: 0%
Magic:  5/5        EV: 10    Int: 16    God:
Gold:   23         SH:  0    Dex: 17    Spells: 2/2 levels left

rFire   . . .      SeeInvis .   a - +0 short sword
rCold   . . .      Faith    .   (no shield)
rNeg    . . .      Spirit   .   b - +0 robe
rPois   .          Reflect  .   (no helmet)
rElec   .          Harm     +   h - scarf {harm}
rCorr   .          Rampage  .   (no gloves)
Will    .....                   (no boots)
Stlth   +++.......              (no amulet)
HPRegen 0.07/turn               (no ring)
MPRegen 0.09/turn               (no ring)

@: brilliant, constricted
A: no striking features
a: no special abilities


You were on level 3 of the Dungeon.
You visited 1 branch of the dungeon, and saw 3 of its levels.

You collected 23 gold pieces.

Inventory:

Hand Weapons
 a - a +0 short sword (weapon)
Armour
 b - a +0 robe (worn)
 e - a scarf of invisibility
 h - a scarf of harm (worn)
Magical Staves
 j - a staff of fire
Scrolls
 i - a scroll of identify {unknown}
Potions
 f - a potion of attraction {unknown}
 k - a potion of curing {unknown}


   Skills:
 - Level 2.4 Fighting
 - Level 3.0 Short Blades
 - Level 3.6 Dodging
 + Level 3.7 Stealth
 + Level 1.9 Evocations


You had 2 spell levels left.
You didn't know any spells.
Your spell library was empty.

Dungeon Overview and Level Annotations

Branches:
Dungeon (3/15)

Altars:
Kikubaaqudgha
Qazlal


Message History

Unknown command.
You completely miss the kobold.
The kobold is severely wounded.
The giant cockroach misses you. The kobold hits you with a +0 club.
You hit the giant cockroach but do no damage.
The giant cockroach misses you. The kobold closely misses you.
You closely miss the kobold.
The kobold is heavily wounded.
The giant cockroach barely misses you. The kobold hits you but does no damage.
Unknown command.
You barely miss the kobold.
The kobold is heavily wounded.
You feel less invigorated.
You feel less confused.
The giant cockroach completely misses you.
The ball python bites you. The ball python grabs you.
The ball python constricts you. The kobold hits you with a +0 club.
The giant cockroach bites you but does no damage.
The frilled lizard hisses angrily.
You hit the giant cockroach.
The giant cockroach is moderately wounded.
The ball python bites you. The ball python constricts you.
The giant cockroach barely misses you. The kobold hits you but does no damage.
You barely miss the ball python.
The ball python bites you but does no damage.
The ball python constricts you. The giant cockroach barely misses you.
The kobold hits you with a +0 club.
As you read the scroll labelled XARIMMIAFA, it crumbles to dust.
You hear the tinkle of a tiny bell.
It was a scroll of butterflies.
The ball python barely misses you. The ball python constricts you.
The giant cockroach barely misses you. The ball python bites you.
* * * LOW HITPOINT WARNING * * *
The ball python constricts you. The kobold hits you with a +0 club.
* * * LOW HITPOINT WARNING * * *
Something closely misses your butterfly.
Unknown command.
It was a potion of brilliance.
You feel clever all of a sudden. The giant cockroach bites you.
You die...

......≈.....§.§.###...###.....
......≈§≈≈.≈≈≈§...#...........
##.§..........................
#....§§≈≈.≈≈≈≈...............
#B§..≈§......≈...............
#....§§≈≈.≈§§bb......#...†#..
.....§l§..bbb§§......#....#
#....§§§.bb≈bbb......#....+
S..§§...bB@Sb#+#.####...#
....§§#.###Kb....#......#
...........bb....#......#
.B....#.##.......#....###
............##............
###.....#..................
#.........................
..######K.................
...###.............


You could see a giant cockroach (ally target), a ball python (ally target), a
kobold (ally target) and a frilled lizard.

Vanquished Creatures
  2 adders (D:2)
  A bat (D:3)
  2 endoplasms (D:2)
  A giant cockroach (D:2)
  A hobgoblin (D:1)
  A frilled lizard (D:2)
  A kobold (D:2)
  2 rats
11 creatures vanquished.

Notes
Turn   | Place    | Note
-------+----------+-------------------------------------------
     0 | D:1      | Spectrina the Deep Elf Monk began the quest for the Orb.
     0 | D:1      | Reached XP level 1. HP: 13/13 MP: 3/3
   371 | D:2      | Reached skill level 1 in Evocations
   371 | D:2      | Reached XP level 2. HP: 13/18 MP: 4/4
   472 | D:3      | Found a stormy altar of Qazlal.
   477 | D:3      | Found an ancient bone altar of Kikubaaqudgha.
   497 | D:3      | Reached XP level 3. HP: 14/22 MP: 5/5
   541 | D:3      | Slain by a giant cockroach

Illustrated notes

Levels and vault maps discovered:
D:1:      dpeg_arrival_erosion, layout_basic,
          hellmonk_ecumenical_altar_crossroads, serial_forest,
          infiniplex_forest_straight_4, infiniplex_forest_lined_2,
          infiniplex_forest_lined_corner, infiniplex_forest_end_double,
          infiniplex_forest_clump_curved, infiniplex_forest_clump_curved,
          infiniplex_forest_lined_corner
D:2:      layout_loops_ring
D:3:      wad_river_or_something, layout_basic, old_standard_altar,
          mainiacjoe_overflow_large_starburst, gammafunk_ghost_nasty_kobolds,
          nicolae_figureground_sparkle

Skill      XL: |  1 |
---------------+----+-----
Stealth        | 3 |  3.7
Evocations     | 1 |  1.9
Fighting       | |  2.4
Short Blades   | |  3.0
Dodging        | |  3.6

Action                   || total
-------------------------++-------
Melee: Short sword       ||    42
  Use: Potion            ||     2
       Scroll            ||     1
 Stab: Sleeping          ||     5
Armor: Robe              ||     6
Dodge: Dodged            ||    26
